 Dungeon Sprint DCSS version 0.31-a0-588-g14bffd4ff3 (webtiles) character file.

Game seed: 8326494310052481312

8883 Conn the Eclecticist (level 11, -5/64 HPs)
             Began as an Octopode Fire Elementalist on Aug 19, 2023.
             Was a Priest of Sif Muna.
             Succumbed to a death drake's dark miasma
             ... in the Dungeon (Sprint II: "The Violet Keep of Menkaure").
             The game lasted 00:27:39 (2903 turns).

Conn the Eclecticist (Octopode Fire Elementalist)   Turns: 2903, Time: 00:27:53

Health: -5/64      AC:  1    Str:  9    XL:     11   Next: 37%
Magic:  29/31      EV: 15    Int: 17    God:    Sif Muna [***...]
Gold:   515        SH:  0    Dex: 12    Spells: 26/42 levels left

rFire   + + .        d - +10 rapier "Maatu" {freeze, *Rage +Blink rCorr Int-4}
rCold   . . .        (no shield)
rNeg    . . .        (helmet restricted)
rPois   +            (no amulet)
rElec   +            b - ring of fire
rCorr   +            (no ring)
SInv    .            (no ring)
Will    .....        (no ring)
Stlth   ++++         (no ring)
HPRegen 0.30/turn    (no ring)
MPRegen 0.22/turn    (no ring)
                     (no ring)

%: no teleportation, random rage (20%)
@: lethally poisoned (-5 -> -62), resistant, slowed, very slow
A: almost no armour, amphibious, 8 rings, camouflage 1, gelatinous body 1,
(nimble swimmer 1), tentacles
a: Renounce Religion, Evoke Blink, Channel Magic, Forget Spell


You were in the Dungeon.
You worshipped Sif Muna.
Sif Muna was most pleased with you.
You visited 1 branch You collected 1462 gold pieces.
You spent 947 gold pieces at shops.

Inventory:

Hand Weapons
 c - the +9 rapier of Wyrd {heavy, Str+3}
   (You bought it in a shop in the Dungeon)

   Str+3:     It affects your strength (+3).
 d - the +10 rapier "Maatu" (weapon) {freeze, *Rage +Blink rCorr Int-4}
   (You bought it in a shop in the Dungeon)

   Int-4:     It affects your intelligence (-4).
   +Blink:    It lets you blink.
   *Rage:     It berserks you when you make melee attacks (+20% chance).
   rCorr:     It protects you from acid and corrosion.
 t - a +3 short sword of draining
Missiles
 q - a throwing net
Magical Staves
 s - a staff of air
Jewellery
 b - a ring of fire (left tentacle)
Scrolls
 e - a scroll of silence
 f - a scroll of amnesia
 h - a scroll of revelation
 i - a scroll of enchant weapon
 m - 2 scrolls of fog
 r - a scroll of immolation
Potions
 a - 4 potions of magic
 g - a potion of attraction
 l - 2 potions of enlightenment
 n - a potion of resistance
 p - a potion of degeneration


   Skills:
 + Level 1.8 Fighting
 + Level 0.1 Short Blades
 + Level 5.8 Dodging
 - Level 5.5 Stealth
 - Level 2.2 Unarmed Combat
 * Level 16.1 Spellcasting
 * Level 9.5 Conjurations
 + Level 4.5 Hexes
 + Level 5.2 Summonings
 + Level 14.6 Fire Magic
 + Level 3.7 Air Magic
 + Level 2.2 Poison Magic
 * Level 7.0 Invocations
 + Level 0.7 Evocations


You had 26 spell levels left.
You knew the following spells:

 Your Spells              Type           Power      Damage    Failure   Level
a - Foxfire               Conj/Fire      100%       2x1d9     1%          1
b - Scorch                Fire           100%       2d9       0%          2
c - Inner Flame           Hex/Fire       62%        N/A       1%          3
d - Flame Wave            Conj/Fire      70%        2d16      1%          4
e - Mephitic Cloud        Conj/Pois/Air  31%        N/A       1%          3
f - Call Imp              Summ           62%        N/A       1%          2
g - Magic Dart            Conj           100%       1d8       1%          1

Your spell library contained the following spells:

 Spells                   Type           Power      Damage    Failure   Level
 Volatile Blastmotes      Fire/Tloc      100%       2d18      1%          3


Dungeon Overview and Level Annotations

Branches:
Dungeon (1/1)

Altars:
Cheibriados
Dithmenos
Elyvilon
Fedhas
Gozag
Hepliaklqana
Kikubaaqudgha
Makhleb
Nemelex Xobeh
Okawaru
Qazlal
Ru
Sif Muna
Trog
Uskayaw
Vehumet
Wu Jian
Xom
Yredelemnul
Zin
The Shining One
Jiyva
Lugonu

Shops:
D =!::![(!!=([!?[

Annotations:
D exclusion: oklob plant


Innate Abilities, Weirdness & Mutations

You cannot wear most types of armour.
You are amphibious.
You can wear up to eight rings at the same time.
Your skin changes colour to match your surroundings (Stealth+).
Your rubbery body absorbs attacks. (AC +1, EV +1)
((You are camouflaged when in or above water. (Stealth+)))
You have tentacles for arms and can constrict up to eight enemies at once.


Message History

Unknown command.
Unknown command.
You feel protected. The death drake breathes miasma at you.
The foul vapour engulfs you!
You are poisoned.
You feel yourself slow down.
Casting: Foxfire (safe; 1% risk of failure)
Confirm with . or Enter, or press ? or * to list all spells.
Okay, then.
Unknown command.
Unknown command.
Okay, then.
Unknown command.
Unknown command.
Unknown command.
Casting: Foxfire (safe; 1% risk of failure)
Confirm with . or Enter, or press ? or * to list all spells.
You feel a surge of power!
Flames lash the death drake.
The death drake is lightly wounded.
The death drake's fire resistance burns away.
The fire dragon roars deafeningly!
You are engulfed in dark miasma.
You are more poisoned.
You feel as though you will be slow longer.
You feel extremely sick. The death drake bites you! The death drake bites you.
* * * LOW HITPOINT WARNING * * *
Unknown command.
Unknown command.
Okay, then.
Unknown command.
Unknown command.
As you read the scroll of fear, it crumbles to dust.
You assume a fearsome visage.
The fire dragon looks frightened!
The death drake easily resists.
You are engulfed in dark miasma.
You are more poisoned.
You feel as though you will be slow longer.
* * * LOW HITPOINT WARNING * * *
You die...

'''##***,,,,*,*#)=▓▓▓▓▓▓▓▓▓▓▓*+**
.§..#,,+,,,,*,,#:|▓[..)....▓▓,,,*
##..#,,***#.*,,#[[▓..).....▓▓,⌠,*
###z####,,+.##.#|)▓.[((.[..▓▓,,,*
#.#.z..#,,*...####▓(.......▓▓,,,*
.####..##**#.^##.#▓)..[)...▓▓..,*
###.##..#,,+..#°°#▓..).).[.▓▓..,*
##...#..#,,#..#°°#▓(..[(...▓▓.⌠,*
.'###'..####..##@#▓..([()..▓▓..,*
##...#....###.°k##▓▓▓▓▓▓▓'▓▓▓▓+▓*
###.##...§).D°°°~~~§~§~~~...≈≈≈▓,
.####~~..§..~#)########'###.≈≈≈▓,
#.#~~§~~~§..~#.._.....#~~§##≈≈≈▓,
.##~§~~~§~§§~#._._....#~~§≈####▓▓
##~~~≈≈≈~§~§§#_._._...#§§~~§##..#
~~~~§§≈≈§≈§§~#._._._..#§~§§§§#..#
+++#~§≈≈≈§≈≈~#_._._._.#~~~§§§'..+


You could see a fire dragon (fleeing) and a death drake (catching breath,
combustible).

Vanquished Creatures
  A kraken (D)
  Kirke (D)
  A yaktaur captain (D)
  2 boulder beetles (D)
  A centaur warrior (D)
  A skeletal warrior (D)
  2 deep trolls (D)
  An elephant (D)
  A yaktaur (D)
  A kobold demonologist (D)
  3 polar bears (D)
  A hornet (D)
  2 wyverns (D)
  A vampire mosquito (D)
  5 water moccasins (D)
  A swamp drake (D)
  4 scorpions (D)
  3 worms (D)
  4 tentacles (D)
36 creatures vanquished.

Vanquished Creatures (others)
  Menkaure (D)
  110 foxfires (D)
  44 tentacles (D)
155 creatures vanquished.

Grand Total: 191 creatures vanquished

Notes
Turn   | Place    | Note
-------+----------+-------------------------------------------
     0 | D        | Conn the Octopode Fire Elementalist began the quest for the
                  | Orb.
     0 | D        | Reached XP level 1. HP: 11/11 MP: 3/3
     1 | D        | Noticed a scorpion
     1 | D        | Noticed a scorpion
     1 | D        | Noticed a scorpion
     1 | D        | Noticed a scorpion
     6 | D        | Killed a scorpion
     7 | D        | Reached skill level 3 in Spellcasting
     7 | D        | Reached XP level 2. HP: 11/17 MP: 3/6
     7 | D        | Reached XP level 3. HP: 14/21 MP: 4/8
     7 | D        | Reached XP level 4. HP: 18/27 MP: 4/9
    10 | D        | Killed a scorpion
    11 | D        | Reached skill level 1 in Unarmed Combat
    11 | D        | Reached skill level 4 in Spellcasting
    11 | D        | Reached XP level 5. HP: 13/31 MP: 4/11
    14 | D        | Reached skill level 5 in Stealth
    16 | D        | Reached skill level 5 in Spellcasting
    16 | D        | Reached XP level 6. HP: 12/36 MP: 4/13
    43 | D        | Killed Menkaure
    51 | D        | Learned a level 2 spell: Scorch
    55 | D        | Learned a level 3 spell: Inner Flame
    60 | D        | Learned a level 4 spell: Flame Wave
    76 | D        | Noticed a wyvern
    76 | D        | Noticed a wyvern
    81 | D        | Killed a wyvern
    81 | D        | Killed a wyvern
    82 | D        | Reached skill level 5 in Dodging
    82 | D        | Reached skill level 6 in Spellcasting
    82 | D        | Reached XP level 7. HP: 38/41 MP: 4/17
   102 | D        | Found Kenumi Ruel's Antique Armour Emporium.
   103 | D        | Found Fiorghos's Distillery.
   104 | D        | Found Giry Aneq's Antique Weapon Emporium.
   105 | D        | Found Jiwan's Distillery.
   106 | D        | Noticed a vampire mosquito
   110 | D        | Killed a vampire mosquito
   111 | D        | Reached skill level 7 in Spellcasting
   114 | D        | Found Rohawkye's Distillery.
   114 | D        | Found Ixytow's Antique Armour Emporium.
   115 | D        | Found Gemach's Antique Weapon Shoppe.
   115 | D        | Found Lyugirr's Magic Scroll Shoppe.
   115 | D        | Found Afrit's Armour Emporium.
   115 | D        | Found Teuthap's Jewellery Shoppe.
   119 | D        | Found Ruinwot's Distillery.
   119 | D        | Found Zamuic's Book Emporium.
   119 | D        | Noticed a cane toad
   119 | D        | Noticed a cane toad
   119 | D        | Noticed an oklob plant
   145 | D        | Reached skill level 8 in Spellcasting
   145 | D        | Reached skill level 5 in Conjurations
   149 | D        | Found Guenuemm's Distillery.
   149 | D        | Found Keem's Jewellery Emporium.
   149 | D        | Found Ytrotosk's Book Shoppe.
   161 | D        | Bought a book of Minor Magic for 234 gold pieces
   166 | D        | Bought a masterwork rapier for 189 gold pieces
   166 | D        | Identified the +9 rapier of Wyrd {heavy, Str+3} (You bought
                  | it in a shop in the Dungeon)
   238 | D        | Bought a crystal rapier for 189 gold pieces
   238 | D        | Identified the +10 rapier "Maatu" {freeze, *Rage +Blink
                  | rCorr Int-4} (You bought it in a shop in the Dungeon)
   308 | D        | Noticed a boulder beetle
   308 | D        | Noticed a boulder beetle
   458 | D        | Noticed a flying skull
   461 | D        | Noticed a flying skull
   462 | D        | Noticed a flying skull
   462 | D        | Noticed a flying skull
   462 | D        | Noticed a flying skull
   462 | D        | Noticed a flying skull
   462 | D        | Noticed a flying skull
   462 | D        | Noticed a flying skull
   464 | D        | Noticed a flying skull
   467 | D        | Learned a level 3 spell: Mephitic Cloud
   470 | D        | Noticed a flying skull
   470 | D        | Learned a level 2 spell: Call Imp
   470 | D        | Noticed a flying skull
   470 | D        | Noticed a flying skull
   485 | D        | Reached skill level 1 in Hexes
   485 | D        | Reached XP level 8. HP: 46/46 MP: 12/20
   503 | D        | Killed a boulder beetle
   504 | D        | Reached skill level 1 in Fighting
   504 | D        | Reached skill level 10 in Spellcasting
   518 | D        | Bought a ring of fire for 275 gold pieces
   527 | D        | Bought a potion of heal wounds for 60 gold pieces
   544 | D        | Learned a level 1 spell: Magic Dart
   619 | D        | Found a stormy altar of Qazlal.
   619 | D        | Found an ornate altar of the Wu Jian Council.
   620 | D        | Found a hazy altar of Hepliaklqana.
   620 | D        | Found a sacrificial altar of Ru.
   620 | D        | Found a shimmering altar of Xom.
   620 | D        | Noticed a polar bear
   621 | D        | Found a viscous altar of Jiyva.
   621 | D        | Found a shimmering blue altar of Sif Muna.
   622 | D        | Found a snail-covered altar of Cheibriados.
   622 | D        | Found an ancient bone altar of Kikubaaqudgha.
   622 | D        | Found a bloodstained altar of Trog.
   623 | D        | Noticed a polar bear
   624 | D        | Noticed a hornet
   626 | D        | Killed a polar bear
   626 | D        | Noticed a polar bear
   627 | D        | Reached skill level 1 in Summonings
   627 | D        | Reached skill level 1 in Air Magic
   627 | D        | Reached XP level 9. HP: 53/53 MP: 14/23
   629 | D        | Noticed a yaktaur
   636 | D        | Killed a polar bear
   636 | D        | Killed a polar bear
   637 | D        | Reached skill level 11 in Spellcasting
   637 | D        | Reached skill level 1 in Poison Magic
   766 | D        | Killed a hornet
   769 | D        | Killed a yaktaur
   776 | D        | Found a shadowy altar of Dithmenos.
   776 | D        | Found a corrupted altar of Lugonu.
   777 | D        | Found a white marble altar of Elyvilon.
   777 | D        | Found a burning altar of Makhleb.
   778 | D        | Found a blossoming altar of Fedhas.
   780 | D        | Found an opulent altar of Gozag.
   780 | D        | Found a glowing golden altar of the Shining One.
   780 | D        | Found a basalt altar of Yredelemnul.
   780 | D        | Found a hide-covered altar of Uskayaw.
   780 | D        | Found a sparkling altar of Nemelex Xobeh.
   781 | D        | Found a glowing silver altar of Zin.
   781 | D        | Found a radiant altar of Vehumet.
   781 | D        | Found an iron altar of Okawaru.
   786 | D        | Became a worshipper of Sif Muna the Loreminder
   894 | D        | Killed a boulder beetle
   895 | D        | Reached skill level 12 in Spellcasting
   986 | D        | Noticed a kraken
  1147 | D        | Reached * piety under Sif Muna
  1148 | D        | Reached XP level 10. HP: 42/60 MP: 0/26
  1668 | D        | Killed a kraken
  1669 | D        | Reached skill level 13 in Spellcasting
  1806 | D        | Noticed a deep troll
  1806 | D        | Noticed a deep troll
  1835 | D        | Killed a deep troll
  1835 | D        | Reached ** piety under Sif Muna
  1836 | D        | Reached skill level 14 in Spellcasting
  1850 | D        | Killed a deep troll
  1851 | D        | Reached skill level 5 in Invocations
  2029 | D        | Noticed an orange crystal statue
  2082 | D        | Noticed Kirke
  2082 | D        | Noticed a skeletal warrior
  2082 | D        | Noticed a yaktaur captain
  2209 | D        | Killed a yaktaur captain
  2213 | D        | Noticed an elephant
  2215 | D        | Killed Kirke
  2215 | D        | Noticed a centaur warrior
  2216 | D        | Reached skill level 15 in Spellcasting
  2216 | D        | Reached skill level 5 in Summonings
  2216 | D        | Reached XP level 11. HP: 24/64 MP: 2/30
  2216 | D        | Killed a skeletal warrior
  2216 | D        | Reached *** piety under Sif Muna
  2432 | D        | Killed a centaur warrior
  2486 | D        | Reached skill level 16 in Spellcasting
  2606 | D        | Noticed a death drake
  2753 | D        | Noticed a fire dragon
  2903 | D        | Succumbed to a death drake's dark miasma

Illustrated notes

Levels and vault maps discovered:
D:        the_violet_keep_of_menkaure [sprint2_stairs_cluster_1,
          sprint2_shoproom, sprint2_temple, sprint2_basic_supplies,
          sprint2_obstacle_7, sprint2_obstacle_4, sprint2_obstacle_1,
          sprint2_obstacle_5, sprint2_obstacle_6, sprint2_timed_cluster_1,
          sprint2_smallroom_cluster_1, sprint2_smallroom_final_cluster_1,
          sprint2_transparent_cluster_1, sprint2_second_timed_cluster_1,
          sprint2_sniper_area_1, sprint2_heavy_combat_area_1,
          sprint2_mutation_trap_area_1, sprint2_forest_area_1,
          sprint2_light_combat_area_1, sprint2_behind_water_1,
          sprint2_near_end_vault_1]

Skill      XL: |  1  2  3  4  5  6  7  8  9 10 11 |
---------------+----------------------------------+-----
Dodging        | 3 4 5 |  5.8
Stealth        | 4 5 |  5.5
Spellcasting   | 3 4 5 6 8 10 12 15 16 | 16.1
Fire Magic     | 6 7 9 11 12 13 14 | 14.6
Unarmed Combat | 1 2 |  2.2
Conjurations   | 4 5 6 7 9 |  9.5
Hexes          | 1 2 4 |  4.5
Fighting       | 1 |  1.8
Summonings     | 1 3 5 |  5.2
Air Magic      | 1 3 |  3.7
Poison Magic   | 2 |  2.2
Invocations    | 2 6 7 |  7.0
Short Blades   | |  0.1
Evocations     | |  0.7

Action                     |  1- 3 |  4- 6 |  7- 9 | 10-12 || total
---------------------------+-------+-------+-------+-------++-------
  Melee: Unarmed           |     3 |     9 |       |       ||    12
         Tentacles         |     1 |     4 |     2 |       ||     7
         Punch             |     1 |       |       |       ||     1
         Constrict         |       |     2 |       |       ||     2
         Rapier            |       |       |     4 |       ||     4
   Cast: Flame Wave        |       |     1 |     7 |     1 ||     9
         Inner Flame       |       |     1 |    11 |    16 ||    28
         Scorch            |       |       |    25 |    25 ||    50
         Foxfire           |       |       |    11 |    58 ||    69
         Mephitic Cloud    |       |       |    13 |     2 ||    15
         Call Imp          |       |       |     4 |    13 ||    17
Ability: Evoke Blink       |       |       |     1 |       ||     1
    Use: Potion            |     2 |     1 |     4 |     3 ||    10
         Scroll            |       |       |     1 |    11 ||    12
 Armour: Skin              |       |       |     2 |       ||     2
  Dodge: Dodged            |     1 |     8 |    14 |     4 ||    27

Table legend: (Time is in decaauts)
 A = Elapsed time spent in this place.
 B = Non-inter-level travel time spent in this place.
 C = Inter-level travel time spent in this place.
 D = Time resting spent in this place.
 E = Time spent auto-exploring this place.
 F = Levels seen in this place.
 G = Mean time per level.
                   A        B        C        D        E       F      G
               +--------+--------+--------+--------+--------+-----+--------+
         Total |   2899 |   2899 |      0 |   1651 |     86 |   1 | 2899.0 |
       Dungeon |   2899 |   2899 |      0 |   1651 |     86 |   1 | 2899.0 |
               +--------+--------+--------+--------+--------+-----+--------+

Top non-repeatable levels by time:
       D: 2899 daAuts
